 Dungeon Crawl Stone Soup version 0.21.0-25-ge575cb9ce8 (webtiles) character file.

6946 MalkierKing the Cleaver (level 10, -6/90 HPs)
             Began as a Minotaur Fighter on Jan 24, 2018.
             Was a Priest of Makhleb.
             Killed from afar by an ice statue (21 damage)
             ... with a shard of ice
             ... in an ice cave.
             The game lasted 00:32:13 (7304 turns).

MalkierKing the Cleaver (Minotaur Fighter)          Turns: 7304, Time: 00:32:13

Health: -6/90      AC: 15    Str: 23    XL:     10   Next: 80%
Magic:  9/9        EV:  6    Int:  5    God:    Makhleb [***...]
Gold:   573        SH: 18    Dex: 11    Spells: 9/9 levels left

rFire    . . .     SeeInvis .   a - +0 war axe
rCold    . . .     Gourm    .   J - +0 large shield
rNeg     . . .     Faith    .   R - +0 plate armour
rPois    .         Spirit   .   (helmet restricted)
rElec    .         Reflect  .   O - +0 cloak
rCorr    .         Harm     .   (no gloves)
MR       .....                  (no boots)
Stlth    ..........             x - amulet of regeneration
HPRegen  0.65/turn              y - ring of wizardry
MPRegen  0.11/turn              (no ring)

@: very slightly contaminated, invisible
A: retaliatory headbutt, horns 2
a: Minor Destruction, Lesser Servant of Makhleb, Renounce Religion


You were in an ice cave.
You worshipped Makhleb.
Makhleb was most pleased with you.
You were not hungry.

You visited 2 branches of the dungeon, and saw 12 of its levels.
You also visited: Ice Cave.

You collected 631 gold pieces.
You spent 58 gold pieces at shops.

Inventory:

Hand Weapons
 a - a +0 war axe (weapon)
Armour
 J - a +0 large shield (worn)
 O - a +0 cloak (worn)
 R - a +0 plate armour (worn)
Jewellery
 w - an uncursed amulet of faith
 x - an amulet of regeneration (around neck)
 y - a ring of wizardry (left hand)
Wands
 m - a wand of digging (32)
 v - a wand of acid (8)
 C - a wand of polymorph (21)
 I - a wand of iceblast (22)
 N - a wand of enslavement (9)
Scrolls
 c - a scroll of fear {unknown}
 j - a scroll of immolation
 k - 6 scrolls of teleportation
 n - 2 scrolls of amnesia {unknown}
 q - 8 scrolls of remove curse
 r - 5 scrolls of identify
 s - 4 scrolls of enchant armour
 t - a scroll of enchant weapon {unknown}
 A - a scroll of vulnerability {unknown}
 B - a scroll of fog {unknown}
 K - a scroll of random uselessness {unknown}
 M - 2 scrolls of magic mapping {unknown}
Potions
 d - 3 potions of might
 e - 4 potions of curing
 h - a potion of cancellation {unknown}
 i - 2 potions of berserk rage
 l - a potion of lignification {unknown}
 o - 6 potions of flight
 p - 4 potions of brilliance
 u - 2 potions of ambrosia
 z - 4 potions of heal wounds
 D - 3 potions of degeneration {unknown}
 F - 4 potions of agility
 G - a potion of mutation {unknown}
 H - a potion of haste {unknown}
Books
 E - a book of Debilitation

   Spells                             Type                      Level
   a - Corona                         Hexes                        1
   b - Slow                           Hexes                        2
   c - Inner Flame                    Hexes/Fire                   3
   d - Portal Projectile              Hexes/Translocation          3
   e - Cause Fear                     Hexes                        4
   f - Leda's Liquefaction            Hexes/Earth                  4
 L - a book of Frost

   Spells                             Type                      Level
   a - Freeze                         Ice                          1
   b - Throw Frost                    Conjuration/Ice              2
   c - Ozocubu's Armour               Charms/Ice                   3
   d - Throw Icicle                   Conjuration/Ice              4
   e - Summon Ice Beast               Ice/Summoning                4
 Q - the Almanac of Poisoning and the Mountains
   (You found it on level 10 of the Dungeon)

   Spells                             Type                      Level
   a - Sting                          Conjuration/Poison           1
   b - Sandblast                      Earth                        1
   c - Stone Arrow                    Conjuration/Earth            3
   d - Ignite Poison                  Fire/Transmutation/Poison    3
   e - Leda's Liquefaction            Hexes/Earth                  4
   f - Bolt of Magma                  Conjuration/Fire/Earth       5
Comestibles
 b - 5 chunks of flesh
 f - 15 rations


   Skills:
 + Level 8.7 Fighting
 + Level 12.0 Axes
 + Level 9.2 Armour
 + Level 4.7 Dodging
 + Level 10.2 Shields


You had 9 spell levels left.
You didn't know any spells.

Dungeon Overview and Level Annotations

Branches:
Dungeon (11/15)            Temple (1/1) D:6            Lair (0/6) D:9
    Orc (0/2) D:10

Altars:
Ashenzari
Cheibriados
Dithmenos
Elyvilon
Fedhas
Gozag
Hepliaklqana
Kikubaaqudgha
Makhleb
Nemelex Xobeh
Okawaru
Qazlal
Ru
Sif Muna
Trog
Uskayaw
Vehumet
Wu Jian
Xom
Yredelemnul
Zin
The Shining One

Shops:
D:7 [(

Annotations:
IceCv exclusion: 2 ice statues


Innate Abilities, Weirdness & Mutations

You reflexively headbutt those who attack you in melee.
You have a pair of horns on your head.


Message History

Your shield and plate armour prevent you from hitting the ice beast.
You hit the ice beast. You hit the ice devil. You block the ice beast's attack.
You block the ice devil's attack. The ice beast barely misses you.
The ice devil hits you. The ice devil freezes you!!
* * * LOW HITPOINT WARNING * * *
You block the ice beast's attack.
You fade into invisibility!
The ice beast completely misses you. You block the ice devil's attack.
You block the ice beast's attack.
The ice devil hits you but does no damage.
The ice beast hits you but does no damage.
You are very lightly contaminated with residual magic.
Your surroundings suddenly seem different.
The ice statue glitters chillingly in the dim dungeon light.
The ice statue gestures at you. The freezing blast misses you.
* * * LOW HITPOINT WARNING * * *
The ice statue gestures at something.
The shard of ice hits you!
You die...

.. #. ##### ##.
#####...## ##..######
##........##
..44YY.#.###..........#
#.54.YY...#..........##
######............§.§.#
####.......§§§§.##
###.....@§§§.#
###8#§§§§#8# ####§§####
#§.## ##§§## ##§§#
##.§§# ##...## #...##


You could see 2 ice statues.

Vanquished Creatures
  The ghost of Stone the Magician, a novice GnSk (D:6)
  2 rime drakes (D:11)
  2 hippogriffs (D:9)
  A wyvern (D:9)
  A basilisk (D:11)
  A yak (D:9)
  A hungry ghost (D:9)
  A soldier ant (D:10)
  Duvessa (D:4)
  A water moccasin (D:8)
  4 orc warriors
  4 sky beasts
  A black bear (D:6)
  An ice beast (D:5)
  2 necrophages
  A phantom (D:6)
  6 ogres
  A centaur (D:7)
  A big kobold (D:11)
  8 bullfrogs
  Dowan (D:4)
  3 scorpions
  3 crimson imps
  7 howler monkeys
  2 centaur zombies (D:7)
  2 quasits (D:9)
  2 bullfrog skeletons
  5 hounds
  17 orc wizards
  6 orc priests
  A centaur skeleton (D:6)
  4 jellies
  2 iguanas
  8 worker ants
  A killer bee zombie (D:9)
  A hound zombie (D:5)
  A hound skeleton (D:6)
  Robin (D:2)
  A worker ant zombie (D:9)
  13 adders
  4 shadow imps
  4 white imps (IceCv)
  4 ufetubi (IceCv)
  2 adder zombies
  3 adder skeletons
  A worm (D:3)
  A dart slug (D:1)
  4 leopard geckos
  29 orcs
  2 ball pythons
  3 giant cockroaches
  13 goblins
  16 hobgoblins
  9 jackals
  8 kobolds
  2 quokkas
  2 bats (D:1)
  7 frilled lizards
  A quokka skeleton (D:4)
  10 rats
247 creatures vanquished.

Vanquished Creatures (others)
  A white imp (IceCv)
  7 ufetubi (IceCv)
8 creatures vanquished.

Grand Total: 255 creatures vanquished

Notes
Turn   | Place    | Note
-------+----------+-------------------------------------------
     0 | D:1      | MalkierKing the Minotaur Fighter began the quest for the Orb.
     0 | D:1      | Reached XP level 1. HP: 19/19 MP: 0/0
    67 | D:1      | Reached XP level 2. HP: 12/27 MP: 1/1
   554 | D:2      | Reached skill level 3 in Axes
   554 | D:2      | Reached XP level 3. HP: 31/33 MP: 2/2
   659 | D:2      | Noticed Robin
   675 | D:2      | Reached XP level 4. HP: 27/40 MP: 3/3
   678 | D:2      | Killed Robin
   940 | D:2      | Found a sparkling altar of Nemelex Xobeh.
  1274 | D:3      | Found a sacrificial altar of Ru.
  1423 | D:3      | Reached skill level 4 in Axes
  1957 | D:4      | Reached skill level 1 in Dodging
  1957 | D:4      | Reached XP level 5. HP: 47/47 MP: 4/4
  1965 | D:4      | Noticed Dowan
  1969 | D:4      | Noticed Duvessa
  2024 | D:4      | Killed Duvessa
  2024 | D:4      | Reached skill level 5 in Axes
  2024 | D:4      | Reached skill level 5 in Shields
  2024 | D:4      | Reached XP level 6. HP: 34/53 MP: 5/5
  2087 | D:4      | Killed Dowan
  2376 | D:5      | Entered Level 5 of the Dungeon
  2413 | D:5      | Reached skill level 5 in Fighting
  2501 | D:5      | Reached skill level 5 in Armour
  2626 | D:5      | Reached XP level 7. HP: 61/61 MP: 6/6
  2672 | D:5      | Reached skill level 6 in Axes
  3165 | D:6      | Reached skill level 7 in Axes
  3178 | D:6      | Reached XP level 8. HP: 70/70 MP: 7/7
  3221 | D:6      | Noticed Stone's ghost (novice GnSk)
  3242 | D:6      | Killed Stone's ghost
  3242 | D:6      | Reached skill level 8 in Axes
  3487 | D:6      | Found a staircase to the Ecumenical Temple.
  3513 | Temple   | Entered the Ecumenical Temple
  3553 | Temple   | Became a worshipper of Makhleb the Destroyer
  3622 | D:6      | Reached skill level 9 in Axes
  3622 | D:6      | Reached XP level 9. HP: 55/78 MP: 8/8
  3911 | D:7      | Found Pixaxiul's Armour Emporium.
  4110 | D:7      | Bought a +0 large shield for 58 gold pieces
  4146 | D:7      | Found Taf Cap's Antique Weapon Emporium.
  4274 | D:7      | Reached * piety under Makhleb
  4349 | D:7      | Found a stormy altar of Qazlal.
  4614 | D:8      | Reached skill level 10 in Axes
  4760 | D:8      | Found a snail-covered altar of Cheibriados.
  4924 | D:8      | Reached ** piety under Makhleb
  5412 | D:9      | Reached XP level 10. HP: 88/88 MP: 9/9
  5684 | D:9      | Reached skill level 11 in Axes
  5981 | D:9      | Found a staircase to the Lair.
  6064 | D:9      | Found a stormy altar of Qazlal.
  6280 | D:10     | Entered Level 10 of the Dungeon
  6283 | D:10     | Found a staircase to the Orcish Mines.
  6558 | D:10     | Identified the Almanac of Poisoning and the Mountains
  6857 | D:10     | Reached *** piety under Makhleb
  7170 | D:11     | Found a frozen archway.
  7184 | D:11     | Reached skill level 10 in Shields
  7186 | D:11     | Reached skill level 12 in Axes
  7211 | IceCv    | Entered an ice cave
  7269 | IceCv    | Noticed an ice statue
  7269 | IceCv    | Noticed an ice statue
  7304 | IceCv    | Killed from afar by an ice statue

Skill      XL: |  1  2  3  4  5  6  7  8  9 10 |
---------------+-------------------------------+-----
Shields        | 4 5 6 7 8 10 | 10.2
Fighting       | 4 5 6 7 8 |  8.7
Axes           | 3 4 5 7 9 10 12 | 12.0
Armour         | 4 5 7 9 |  9.2
Dodging        | 1 2 3 4 |  4.7

Action                   |  1- 3 |  4- 6 |  7- 9 | 10-12 || total
-------------------------+-------+-------+-------+-------++-------
Melee: War axe           |    99 |   146 |   324 |   218 ||   787
       Headbutt          |     8 |    25 |    73 |    48 ||   154
  Use: Scroll            |       |     5 |     6 |     1 ||    12
       Potion            |       |       |       |     2 ||     2
  Eat: Chunk             |       |     6 |     9 |     8 ||    23
Armor: Scale mail        |    47 |    53 |    83 |    45 ||   228
       Plate armour      |       |       |       |    35 ||    35
Dodge: Dodged            |    25 |    43 |    81 |    52 ||   201
Block: Shield            |    54 |    72 |    96 |       ||   222
       Large shield      |       |       |   120 |   194 ||   314
